 Dungeon Crawl Stone Soup version 0.32-a0-699-g1ee5eff69a (webtiles) character file.

Game seed: 3569599372960837269

2782 lunkers the Basher (level 9, 0/63 HPs)
             Began as a Coglin Berserker on Mar 13, 2024.
             Was a High Priest of Trog.
             Slain by a gnoll sergeant
             ... wielding a +0 halberd
              (3 damage)
             ... in a bailey.
             The game lasted 00:11:46 (6238 turns).

lunkers the Basher (Coglin Berserker)               Turns: 6238, Time: 00:11:47

Health: 0/63       AC:  5    Str: 22    XL:     9   Next: 70%
Magic:  9/9        EV: 11    Int:  6    God:    Trog [*****.]
Gold:   461        SH:  0    Dex: 14    Spells: 8/8 levels left

rFire   . . .        b - +2 flail (protect) {Seoyun}
rCold   . . .        o - +1 morningstar (drain) {Lucius}
rNeg    . . .        y - +0 troll leather armour {Pargi}
rPois   .            (no helmet)
rElec   .            (no cloak)
rCorr   .            i - +1 pair of gloves
SInv    .            (no boots)
Will    .....        (amulet unavailable)
Stlth   +            (ring unavailable)
HPRegen 1.10/turn    (ring unavailable)
MPRegen 0.11/turn    (no gizmo)

%: no passive effects
@: weakened
A: off-hand wielding, slow wielding, warmup strikes, no jewellery
a: Invent Gizmo, Renounce Religion, Berserk, Trog's Hand, Brothers in Arms


You were in a bailey.
You worshipped Trog.
Trog was extremely pleased with you.
You visited 1 branch of the dungeon, and saw 8 of its levels.
You also visited: Sewer and Bailey.

You collected 461 gold pieces.

Inventory:

Hand Weapons
 a - a +0 mace {Fusazane}
 b - a +2 flail of protection (weapon) {Seoyun}
 o - a +1 morningstar of draining (offhand) {Lucius}
Missiles
 k - a throwing net
Armour
 i - a +1 pair of gloves (worn)
 j - a +0 pair of gloves
 y - a +0 troll leather armour (worn) {Pargi}
Wands
 E - a wand of flame (18)
 F - a wand of polymorph (10)
Scrolls
 d - a scroll of poison
 e - a scroll of noise
 h - a scroll of vulnerability {unknown}
 m - 2 scrolls of fog
 p - 3 scrolls of teleportation
Potions
 c - 2 potions of might
 f - a potion of heal wounds
 g - a potion of mutation
 l - 2 potions of attraction
 s - 2 potions of haste
 w - a potion of ambrosia
 z - a potion of magic
 B - a potion of curing {unknown}
 C - a potion of enlightenment {unknown}
 D - a potion of lignification {unknown}


   Skills:
 - Level 3.0 Fighting
 * Level 12.2 Maces & Flails
 - Level 1.7 Armour
 - Level 1.7 Dodging


You had 8 spell levels left.
You didn't know any spells.
Your spell library was empty.

Dungeon Overview and Level Annotations

Branches:
Dungeon (8/15)             Temple (0/1) D:6           Sewer (visited)
 Bailey (1/1)
   Lair: D:8-11

Altars:
Cheibriados
Dithmenos
Elyvilon
Fedhas
Makhleb
Nemelex Xobeh
Okawaru
Qazlal
Ru
Trog
Uskayaw
Wu Jian
Xom
Yredelemnul

Shops:
D:4 =

Annotations:
D:5 2 transporters, Splishie's ghost, novice DrSh
D:7 1 transporter, Aldia's ghost, novice OnWr


Innate Abilities, Weirdness & Mutations

You can wield a second weapon in your off-hand.
It takes a long time for you to wield or remove held weapons.
Your first few attacks do less damage.
You cannot equip rings or amulets.


Message History

You are held in a net!
You struggle against the net.
The gnoll hits you from afar with a +0 trident!
The gnoll bouda gazes fiercely through you!
You feel your attacks grow feeble.
The gnoll hits you from afar with a +0 spear.
You struggle against the net.
The gnoll sergeant hits you but does no damage.
The gnoll hits you from afar with a +0 trident!
The gnoll hits you but does no damage.
A gnoll comes into view. It is wielding a +0 halberd.
You struggle against the net.
The gnoll hits you from afar with a +0 trident.
The gnoll sergeant hits you from afar with a +0 halberd.
The gnoll bouda barks out a call to the hunt!
The gnolls pick up the pace!
The gnoll hits you but does no damage.
You shred the net and break free!
A gnoll sergeant comes into view. It is wielding a +0 halberd.
The gnoll sergeant hits you from afar with a +0 halberd!
* * * LOW HITPOINT WARNING * * *
The gnoll bouda gazes fiercely through you!
You feel as though you will be weak longer.
The gnoll bouda hits you from afar with a +0 halberd.
* * * LOW HITPOINT WARNING * * *
A gnoll sergeant comes into view. It is wielding a +0 glaive.
The gnoll misses you.
The gnoll hits you from afar with a +0 trident.
* * * LOW HITPOINT WARNING * * *
The gnoll sergeant shouts!
You fail to use your ability.
The gnoll sergeant hits you from afar with a +0 halberd!!
* * * LOW HITPOINT WARNING * * *
A gnoll bouda comes into view. It is wielding a +0 trident.
The gnoll bouda barks out a call to the hunt!
The gnolls pick up the pace!
The gnoll misses you. The gnoll closely misses you.
The gnoll sergeant attacks as it pursues you!
The gnoll sergeant hits you from afar with a +0 halberd.
You die...

♣♣♣♣♣♣♣♣♣♣♣
≈≈≈≈≈≈≈≈≈≈
.........
......
#...#####
#...#.h.##
+.))'gg..#
#).@#.....#
##'##ggg.ß#
##...##gg..#
##.....##g..#
#.......#...#
#...ß...# g.#
#.......#
..#≈♣ ♣≈
##.....## ≈♣
♣≈ ##)).## ≈♣


You could see a gnoll sergeant (swift), a wolf and a gnoll (swift).

Vanquished Creatures
  A water moccasin (D:7)
  2 orc warriors
  A sky beast (D:7)
  Pargi (Sewer)
  A black bear (D:6)
  3 ogres (D:5)
  A phantom (D:6)
  A brain worm (Sewer)
  A gnoll sergeant (Bailey)
  2 bullfrogs
  4 scorpions
  A howler monkey (D:5)
  4 bombardier beetles
  3 jellies
  2 orc priests
  6 hounds
  2 gnoll boudas
  A sleepcap (D:4)
  6 iguanas
  9 orc wizards
  13 gnolls
  17 adders
  A shadow imp (D:7)
  2 dart slugs
  A ribbon worm (D:2)
  19 orcs
  13 ball pythons
  6 bats
  10 endoplasms
  5 giant cockroaches
  8 hobgoblins
  6 quokkas
  7 frilled lizards
  16 goblins
  10 kobolds
  11 rats
197 creatures vanquished.

Notes
Turn   | Place    | Note
-------+----------+-------------------------------------------
     0 | D:1      | lunkers the Coglin Berserker began the quest for the Orb.
     0 | D:1      | Reached XP level 1. HP: 18/18 MP: 1/1
    79 | D:1      | Reached skill level 3 in Maces & Flails
   100 | D:1      | Reached XP level 2. HP: 15/24 MP: 2/2
   455 | D:1      | Reached XP level 3. HP: 25/29 MP: 3/3
   485 | D:1      | Reached ** piety under Trog
   802 | D:1      | Reached skill level 4 in Maces & Flails
   933 | D:2      | Found a blossoming altar of Fedhas.
  1161 | D:2      | Noticed a scorpion
  1164 | D:2      | Killed a scorpion
  1165 | D:2      | Reached skill level 5 in Maces & Flails
  1165 | D:2      | Reached XP level 4. HP: 35/35 MP: 4/4
  1232 | D:2      | Reached XP level 5. HP: 41/41 MP: 5/5
  1952 | D:3      | Found a white marble altar of Elyvilon.
  1953 | D:3      | Reached *** piety under Trog
  2033 | D:3      | Found an iron altar of Okawaru.
  2077 | D:3      | Found a stormy altar of Qazlal.
  2327 | D:3      | You fall into a shaft and drop 2 floors!
  2327 | D:5      | Entered Level 5 of the Dungeon
  2327 | D:5      | Found a shimmering altar of Xom.
  2364 | D:3      | Found a burning altar of Makhleb.
  2364 | D:3      | Found a sparkling altar of Nemelex Xobeh.
  2384 | D:4      | Reached skill level 6 in Maces & Flails
  2384 | D:4      | Reached XP level 6. HP: 47/47 MP: 6/6
  2403 | D:4      | Found a sacrificial altar of Ru.
  2544 | D:3      | Found a glowing drain.
  2553 | Sewer    | Entered a sewer
  2680 | Sewer    | Noticed Pargi
  2685 | Sewer    | Killed Pargi
  2686 | Sewer    | Reached skill level 7 in Maces & Flails
  2686 | Sewer    | Reached XP level 7. HP: 44/52 MP: 7/7
  2966 | D:4      | Found Boluamob's Jewellery Boutique.
  3063 | D:4      | Found a shadowy altar of Dithmenos.
  3284 | D:4      | Found a snail-covered altar of Cheibriados.
  3362 | D:5      | Reached skill level 8 in Maces & Flails
  3403 | D:5      | Reached XP level 8. HP: 54/58 MP: 8/8
  3490 | D:5      | Reached **** piety under Trog
  3578 | D:5      | Reached skill level 9 in Maces & Flails
  3650 | D:5      | Found a transporter.
  3654 | D:5      | Noticed Splishie's ghost (novice DrSh)
  3705 | D:5      | Found a transporter.
  3889 | D:5      | Found a hide-covered altar of Uskayaw.
  4478 | D:6      | Found a staircase to the Ecumenical Temple.
  4521 | D:6      | Reached skill level 10 in Maces & Flails
  4715 | D:6      | Found a basalt altar of Yredelemnul.
  4721 | D:6      | Reached XP level 9. HP: 63/63 MP: 9/9
  4734 | D:6      | Reached skill level 11 in Maces & Flails
  5101 | D:7      | Found an ornate altar of the Wu Jian Council.
  5111 | D:7      | Noticed Aldia's ghost (novice OnWr)
  5113 | D:7      | Found a transporter.
  5114 | D:7      | Noticed a two-headed ogre
  5191 | D:7      | Found a bloodstained altar of Trog.
  6026 | D:8      | Found a flagged portal.
  6057 | Bailey   | Entered a bailey
  6063 | Bailey   | Reached skill level 12 in Maces & Flails
  6064 | Bailey   | Reached ***** piety under Trog
  6097 | Bailey   | HP: 1/63 [gnoll/+0 trident (10)]
  6237 | Bailey   | HP: 2/63 [gnoll sergeant/+0 halberd (18)]
  6238 | Bailey   | Slain by a gnoll sergeant

Illustrated notes

Levels and vault maps discovered:
D:1:      tarquinn_simple_flora_water_f, layout_basic, minmay_tetromino_s2
D:2:      minmay_diamond_boxcup, layout_basic, basic_altar, patterned_corridor
D:3:      layout_rooms, mainiacjoe_overflow_small_starburst,
          lemuel_doored_altar, nicolae_overflow_hidden_temple,
          portal_sewer_entry_d
D:4:      layout_gridville, nicolae_dithmenos_the_darkroom, marbit_many_paths,
          nicolae_ru_great_annihilating_truth, serial_shops,
          nicolae_shop_just_a_little_nook
D:5:      layout_layer_cave, dk_xom_monty_hall,
          mainiacjoe_overflow_six_doors_small, gammafunk_ghost_stat_death
D:6:      layout_loops_ring, yredelemnul_altar_generic,
          minmay_temple_entry_sparse_star, minmay_stone_trees_small,
          grunt_ministairs_14
D:7:      layout_loops_cross, trog_butcher_becter, nzn_wu_jian_contemplation,
          gammafunk_ghost_smash, hangedman_decor_slide_cut,
          chequers_serial_rivers_large_a, hangedman_decor_diamond_cutter,
          billiards_dpeg
D:8:      layout_cave_pods, lemuel_crystal_altar, david_lair_shrubbed,
          enter_bailey_5, uniq_maurice
Bailey:   bailey_polearm_gnolls_kennysheep, bailey

Skill      XL: |  1  2  3  4  5  6  7  8  9 |
---------------+----------------------------+-----
Maces & Flails | 3 5 6 7 8 10 12 | 12.2
Fighting       | |  3.0
Armour         | |  1.7
Dodging        | |  1.7

Action                     |  1- 3 |  4- 6 |  7- 9 || total
---------------------------+-------+-------+-------++-------
  Melee: Mace              |    90 |    80 |    70 ||   240
         Dagger            |    81 |       |       ||    81
         Morningstar       |     5 |    86 |   178 ||   269
         Flail             |       |       |   100 ||   100
 Invoke: Berserk           |       |       |     3 ||     3
         Trog's Hand       |       |       |     1 ||     1
    Use: Scroll            |       |       |    21 ||    21
         Potion            |       |       |     1 ||     1
   Stab: Paralysed         |       |     1 |       ||     1
         Sleeping          |       |       |     1 ||     1
 Armour: Animal skin       |    44 |       |       ||    44
         Scale mail        |    20 |    67 |       ||    87
         Troll leather arm |       |       |   185 ||   185
  Dodge: Dodged            |    64 |    54 |   132 ||   250

Table legend: (Time is in decaauts)
 A = Elapsed time spent in this place.
 B = Non-inter-level travel time spent in this place.
 C = Inter-level travel time spent in this place.
 D = Time resting spent in this place.
 E = Time spent auto-exploring this place.
 F = Levels seen in this place.
 G = Mean time per level.
                   A        B        C        D        E       F      G
               +--------+--------+--------+--------+--------+-----+--------+
         Total |   6301 |   6125 |    176 |     16 |   4922 |  10 |  630.1 |
       Dungeon |   5860 |   5684 |    176 |     16 |   4641 |   8 |  732.5 |
         Sewer |    250 |    250 |      0 |      0 |    191 |   1 |  250.0 |
        Bailey |    190 |    190 |      0 |      0 |     89 |   1 |  190.0 |
               +--------+--------+--------+--------+--------+-----+--------+

Top non-repeatable levels by time:
     D:5: 1140 daAuts
     D:2: 1022 daAuts
     D:7: 947 daAuts
     D:1: 861 daAuts
     D:6: 647 daAuts
     D:3: 616 daAuts
     D:4: 593 daAuts
   Sewer: 250 daAuts
  Bailey: 190 daAuts
     D:8: 30 daAuts
